 Dungeon Crawl Stone Soup version 0.18-a0-1521-g59d19af (webtiles) character file.

36 css the Grave Robber (level 3, -3/28 HPs)
             Began as a Deep Dwarf Necromancer on Mar 7, 2016.
             Slain by a worm (7 damage)
             ... on level 1 of the Dungeon.
             The game lasted 00:03:21 (1451 turns).

css the Grave Robber (Deep Dwarf Necromancer)       Turns: 1451, Time: 00:03:22

Health: -3/28      AC:  2    Str: 12    XL:     3   Next: 19%
Magic:  0/6        EV: 12    Int: 15    God:
Gold:   23         SH:  0    Dex: 13    Spells: 1 memorised, 5 levels left

rFire  . . .     SeeInvis .     (no weapon)
rCold  . . .     Gourm    .     a - +0 robe
rNeg   . . .     Faith    .     (no shield)
rPois  .         Spirit   .     (no helmet)
rElec  .         Dismiss  .     (no cloak)
rCorr  .         Reflect  .     (no gloves)
SustAt .         Harm     .     (no boots)
MR     .....                    (no amulet)
Stlth  ++........               (no ring)
                                (no ring)

@: non-regenerating, not resistant to hostile enchantments, unstealthy
A: damage resistance, recharge devices, sense surroundings 1, slow regeneration
3
a: Device Recharging


You were on level 1 of the Dungeon.
You were not hungry.

You visited 1 branch of the dungeon, and saw 2 of its levels.

You collected 23 gold pieces.

Inventory:

Armour
 a - a +0 robe (worn)
Wands
 c - a wand of heal wounds (4/9)
Scrolls
 e - a scroll of enchant armour {unknown}
 i - a scroll of remove curse {unknown}
 j - a scroll of identify {unknown}
 k - a scroll of enchant weapon {unknown}
Potions
 h - 2 potions of curing {unknown}
 l - a potion of ambrosia {unknown}
Books
 b - a book of Necromancy

   Spells                             Type                      Level
   a - Pain                           Necromancy                   1
   b - Animate Skeleton               Necromancy                   1
   c - Vampiric Draining              Necromancy                   3
   d - Regeneration                   Charms/Necromancy            3
   e - Animate Dead                   Necromancy                   4
   f - Control Undead                 Necromancy                   4
Comestibles
 f - 2 fruits
 g - 3 meat rations


   Skills:
 + Level 0.1 Fighting
 + Level 2.5 Dodging
 + Level 2.7 Stealth
 + Level 2.1 Spellcasting
 + Level 5.0 Necromancy


You had 5 spell levels left.
You knew the following spells:

 Your Spells              Type           Power        Failure   Level  Hunger
a - Pain                  Necr           ###.         2%          1    #......


Dungeon Overview and Level Annotations

Branches:
Dungeon (2/15)

Altars:


Innate Abilities, Weirdness & Mutations

You are resistant to damage.
You can recharge devices by infusing magical energy.
You passively map a small area around you.
You do not regenerate naturally.


Message History

You hit the worm but do no damage.
The worm is heavily wounded.
You hit the worm but do no damage.
The worm is heavily wounded.
The worm bites you!
* * * LOW HITPOINT WARNING * * *
You are too injured to fight recklessly!
You are too injured to fight recklessly!
You are too injured to fight recklessly!
Casting: Pain
Confirm with . or Enter, or press ? or * to list all spells.
Aiming: Pain
Press: ? - help, Shift-Dir - straight line, f/p - worm
Aim: a worm (moderately wounded, chance to defeat MR: 81%)
The worm convulses in agony!
Unknown command.
You hit the worm but do no damage.
The worm is heavily wounded.
The worm bites you!
You die...

###....# #########.#....##.#.#
###....#####.................#.#
..'....'...#.#######.##...##.#.#
###....##..#.##...........##.#.#
###....##..#.##.####.##...##.#.#
.......##..#.##.####...........##
......................>.........#
...######.#.....w###.##...####..#
...# #.#..##.@###.##...# #..#
...# #.#........#.##...# #..#
...# ###.#......#.#.##...####..#
.).# #............#.##..........
รท..# #.#.###.#..#..............#
.### #.#.###..#.#.#.##..........
.# #.#.......................# .#
#.#.####.#.#...........#...
.######.#....#...#.............##


You could see a worm.

Vanquished Creatures
  An ooze (D:1)
  3 dart slugs (D:1)
  A giant gecko (D:2)
  5 bats
  A giant cockroach (D:1)
  2 goblins (D:1)
  3 jackals (D:1)
  4 kobolds (D:1)
  2 giant newts (D:1)
  3 rats (D:1)
25 creatures vanquished.

Notes
Turn   | Place    | Note
--------------------------------------------------------------
     0 | D:1      | css the Deep Dwarf Necromancer began the quest for the Orb.
     0 | D:1      | Reached XP level 1. HP: 15/15 MP: 3/3
   200 | D:1      | Reached XP level 2. HP: 14/22 MP: 1/4
   575 | D:1      | Reached XP level 3. HP: 10/28 MP: 0/6
   580 | D:1      | Reached skill level 5 in Necromancy
  1416 | D:2      | HP: 1/28 [worm (1)]
  1451 | D:1      | Slain by a worm

Vault maps used:
D:1:      dpeg_arrival_orchard
D:2:      lemuel_crystal_altar, led_sif_pool

Skill      XL: |  1  2  3 |
---------------+----------+-----
Spellcasting   | 2 |  2.1
Necromancy     | 5 |  5.0
Fighting       | |  0.1
Dodging        | |  2.5
Stealth        | |  2.7

Action                   || total
-------------------------++-------
Melee: Unarmed           ||    85
 Cast: Pain              ||    48
Evoke: Wand              ||     1
  Eat: Bread ration      ||     1
